 Dungeon Crawl Stone Soup version 0.21.0-24-g2553a33 (webtiles) character file.

480 Gorglomux the Firebug (level 7, 0/41 HPs)
             Began as an Octopode Fire Elementalist on Jan 20, 2018.
             Killed from afar by an orc wizard (5 damage)
             ... with a magic dart
             ... on level 5 of the Dungeon.
             The game lasted 00:06:14 (4016 turns).

Gorglomux the Firebug (Octopode Fire Elementalist)  Turns: 4016, Time: 00:06:15

Health: 0/41       AC:  1    Str:  7    XL:     7   Next: 12%
Magic:  3/13       EV: 15    Int: 20    God:
Gold:   152        SH:  0    Dex: 12    Spells: 6/14 levels left

rFire    . . .     SeeInvis .   e - +0 dagger
rCold    + . .     Gourm    .   (no shield)
rNeg     . . .     Faith    .   (helmet restricted)
rPois    .         Spirit   .   (no amulet)
rElec    .         Reflect  .   n - +2 ring of evasion
rCorr    .         Harm     .   c - ring of protection from cold
MR       .....                  (no ring)
Stlth    +++.......             (no ring)
HPRegen  0.13/turn              (no ring)
MPRegen  0.13/turn              (no ring)
                                (no ring)
                                (no ring)

@: very slightly contaminated, hasted and slowed
A: almost no armour, stealthy swim, amphibious, 8 rings, constrict 8, camouflage
1, gelatinous body 1
a: no special abilities


You were on level 5 of the Dungeon.
You were not hungry.

You visited 1 branch of the dungeon, and saw 5 of its levels.

You collected 152 gold pieces.

Inventory:

Hand Weapons
 e - a +0 dagger (weapon)
Jewellery
 c - a ring of protection from cold (right tentacle)
 n - a +2 ring of evasion (left tentacle)
Wands
 I - a wand of iceblast (8)
Scrolls
 g - a scroll of teleportation {unknown}
 k - a scroll of noise
 o - a scroll of enchant armour {unknown}
 q - a scroll of amnesia {unknown}
 s - 2 scrolls of remove curse
 t - 2 scrolls of blinking {unknown}
 R - a scroll of identify
 S - a scroll of magic mapping {unknown}
Potions
 l - 2 potions of brilliance
 r - 6 potions of haste
 u - 2 potions of might
 Q - 3 potions of curing
 U - 2 potions of flight
 X - a potion of lignification {unknown}
Books
 a - a book of Flames

   Spells                             Type                      Level
   a - Flame Tongue                   Conjuration/Fire             1
   b - Throw Flame                    Conjuration/Fire             2
   c - Conjure Flame                  Conjuration/Fire             3
   d - Inner Flame                    Hexes/Fire                   3
   e - Sticky Flame                   Conjuration/Fire             4
   f - Fireball                       Conjuration/Fire             5
 V - a Young Poisoner's Handbook

   Spells                             Type                      Level
   a - Sting                          Conjuration/Poison           1
   b - Poisonous Vapours              Poison/Air                   2
   c - Mephitic Cloud                 Conjuration/Poison/Air       3
   d - Olgreb's Toxic Radiance        Poison                       4
   e - Venom Bolt                     Conjuration/Poison           5
Comestibles
 b - 8 rations
 W - 5 chunks of flesh


   Skills:
 - Level 2.0 Dodging
 - Level 2.6 Stealth
 + Level 4.2 Spellcasting
 + Level 4.1 Conjurations
 + Level 5.1 Fire Magic


You had 6 spell levels left.
You knew the following spells:

 Your Spells              Type           Power        Failure   Level  Hunger
a - Flame Tongue          Conj/Fire      ###..        1%          1    None
b - Sticky Flame          Conj/Fire      ###.....     19%         4    ####...
j - Conjure Flame         Conj/Fire      ###.....     5%          3    ###....


Dungeon Overview and Level Annotations

Branches:
Dungeon (5/15)
 Temple: D:4-7

Altars:
Gozag
Okawaru
Uskayaw
The Shining One

Shops:
D:4 [


Innate Abilities, Weirdness & Mutations

You cannot wear most types of armour.
You are very stealthy in the water. (Stealth+)
You are amphibious.
You can wear up to eight rings at the same time.
You can use your tentacles to constrict eight enemies at once.
Your skin changes colour to match your surroundings (Stealth+).
Your rubbery body absorbs attacks. (AC +1, EV +1)


Message History

Press: ? - help, Shift-Dir - butt butt, f/p - orc wizard
Aim: an orc wizard, wielding a dagger and wearing a robe (severely wounded)
The butt tongue hits the orc wizard!
The orc wizard appears unharmed!
The orc wizard is severely wounded!
The butt wizard points at you and mumbles some strange words!
You resist with some effort!
The orc wizard gestures at you while chanting!
Butt feel yourself slow down!
Unknown command!
You feel better! The orc wizard hits you with a dagger!
The orc wizard hits you but does no damage!
The orc wizard closely misses you! The orc wizard hits you with a dagger!
You feel yourself speed up! The orc wizard misses you!
The orc wizard hits you with a dagger! The orc wizard casts a spell at you!
The puff of flame hits you!!! * * * don't die
* * * The orc butt casts a butt at you!
The magic dart hits you!!! rip

#..................
#######..................
#..............÷.........
+........................
#........................
#......#'#####......#####
#### #......#oo...#......+
..... +......#.o...#......#
......#......#@....#......#
............^#.....#.....÷#
######.#######.....#......##
.o) #......#.......# ...o.
#......#.......# .......
#......#.......# .......
#......#.......# .......
##...#.........#### #######
##...#######.....(#


You could see 2 orc wizards and an orc.

Vanquished Creatures
  A scorpion (D:4)
  A crimson imp (D:4)
  An orc priest (D:5)
  4 orc wizards
  Terence (D:2)
  An iguana (D:5)
  A worker ant (D:4)
  Robin (D:2)
  5 adders
  An ooze (D:3)
  3 adder skeletons
  2 worms
  2 dart slugs
  12 orcs
  A ball python (D:3)
  5 bats
  2 giant cockroaches (D:2)
  13 goblins
  11 hobgoblins
  11 kobolds
  2 quokkas
  3 frilled lizards
  A goblin skeleton (D:4)
  3 hobgoblin zombies (D:4)
  A kobold skeleton (D:4)
  2 kobold zombies (D:4)
  2 orc skeletons (D:4)
  6 rats
99 creatures vanquished.

Notes
Turn   | Place    | Note
-------+----------+-------------------------------------------
     0 | D:1      | Gorglomux the Octopode Fire Elementalist began the quest for the Orb.
     0 | D:1      | Reached XP level 1. HP: 11/11 MP: 3/3
   177 | D:1      | Reached XP level 2. HP: 14/17 MP: 3/5
   796 | D:2      | Noticed Terence
   831 | D:2      | Reached XP level 3. HP: 12/21 MP: 1/6
   947 | D:2      | Found an iron altar of Okawaru.
   964 | D:2      | Noticed Robin
   978 | D:2      | Killed Robin
  1311 | D:2      | Learned a level 3 spell: Conjure Flame
  1319 | D:2      | Reached XP level 4. HP: 27/27 MP: 3/8
  1413 | D:2      | Found a faded altar of an unknown god.
  1753 | D:2      | Killed Terence
  1753 | D:2      | Reached skill level 3 in Spellcasting
  1883 | D:3      | Noticed a dagger
  1884 | D:3      | Noticed a dagger
  1886 | D:3      | Found a hide-covered altar of Uskayaw.
  1927 | D:3      | Reached skill level 4 in Fire Magic
  1929 | D:3      | Reached XP level 5. HP: 22/31 MP: 0/9
  2009 | D:3      | Learned a level 4 spell: Sticky Flame
  2430 | D:3      | Reached skill level 3 in Conjurations
  2465 | D:3      | Found an opulent altar of Gozag.
  2991 | D:4      | Found Xioghali's Antique Armour Shoppe.
  3041 | D:4      | Reached XP level 6. HP: 36/36 MP: 2/11
  3155 | D:4      | Found a glowing golden altar of the Shining One.
  3861 | D:5      | Entered Level 5 of the Dungeon
  3873 | D:5      | Reached skill level 5 in Fire Magic
  3900 | D:5      | Reached XP level 7. HP: 41/41 MP: 9/13
  4016 | D:5      | Killed from afar by an orc wizard

Skill      XL: |  1  2  3  4  5  6 |
---------------+-------------------+-----
Conjurations   | 2 3 4 |  4.1
Spellcasting   | 3 4 |  4.2
Fire Magic     | 4 5 |  5.1
Dodging        | |  2.0
Stealth        | |  2.6

Action                   |  1- 3 |  4- 6 |  7- 9 || total
-------------------------+-------+-------+-------++-------
Melee: Dagger            |    29 |    88 |     2 ||   119
       Constrict         |    12 |    29 |     1 ||    42
       Tentacles         |     5 |    18 |     1 ||    24
 Cast: Flame Tongue      |    41 |    79 |    14 ||   134
       Conjure Flame     |       |     7 |     1 ||     8
       Sticky Flame      |       |     1 |       ||     1
  Use: Scroll            |       |     6 |       ||     6
       Potion            |       |     5 |     2 ||     7
 Stab: Sleeping          |       |     1 |       ||     1
  Eat: Chunk             |     1 |     9 |     1 ||    11
Armor: Skin              |     9 |     8 |       ||    17
Dodge: Dodged            |    34 |    78 |    10 ||   122
